 Dungeon Crawl Stone Soup version 0.22-a0-824-g1ca9aab89c (webtiles) character file.

67 Destragon the Conjurer (level 3, -4/14 HPs)
             Began as a Felid Conjurer on July 24, 2018.
             Killed from afar by an orc wizard (6 damage)
             ... with a magic dart
             ... on level 3 of the Dungeon.
             The game lasted 00:10:33 (1902 turns).

Destragon the Conjurer (Felid Conjurer)             Turns: 1902, Time: 00:10:34

Health: -4/14      AC:  1    Str:  4    XL:     3   Next: 98%
Magic:  0/7        EV: 18    Int: 17    God:
Gold:   125        SH:  0    Dex: 16    Spells: 3/6 levels left
                                        Lives:  0   Deaths: 0

rFire    . . .     SeeInvis +   (weapon unavailable)
rCold    . . .     Gourm    .   (shield unavailable)
rNeg     . . .     Faith    .   (armour unavailable)
rPois    .         Spirit   +   (helmet unavailable)
rElec    .         Reflect  .   (cloak unavailable)
rCorr    +         Harm     .   (gloves unavailable)
MR       .....                  (boots unavailable)
Stlth    +++.......             c - amulet of guardian spirit
HPRegen  0.04/turn              d - ring of resist corrosion
MPRegen  0.10/turn              (no ring)

@: quick
A: very small, no armour, no weapons or thrown items, stealth, claws 1, fangs 3,
see invisible, carnivore, speed 1, shaggy fur 1, slow metabolism 1, sharp paws
a: no special abilities


You were on level 3 of the Dungeon.
You were very full.

You visited 1 branch of the dungeon, and saw 3 of its levels.

You collected 125 gold pieces.

Inventory:

Jewellery
 c - an amulet of guardian spirit (around neck)
 d - a ring of resist corrosion (left paw)
Scrolls
 a - 4 scrolls of identify {unknown}
 j - a scroll of immolation {unknown}
 k - a scroll of enchant weapon {unknown}
Potions
 e - a potion of cancellation {unknown}
 f - a potion of mutation {unknown}
 g - a potion of lignification {unknown}
 h - 3 potions of flight {unknown}
 i - 3 potions of curing {unknown}
 l - a potion of haste {unknown}
Comestibles
 b - 4 rations


   Skills:
 + Level 3.3 Dodging
 * Level 4.1 Stealth
 + Level 2.3 Spellcasting
 + Level 4.2 Conjurations


You had 3 spell levels left.
You knew the following spells:

 Your Spells              Type           Power        Failure   Level  Hunger
a - Magic Dart            Conj           ###.         3%          1    #......
b - Searing Ray           Conj           ###...       4%          2    ##.....

Your spell library contained the following spells:

 Spells                   Type           Power        Failure   Level  Hunger
 Iskenderun's Mystic Bla  Conj           ###.....     32%         4    #####..
 Fulminant Prism          Conj/Hex       #.........   61%         4    #####..
 Dazzling Spray           Conj/Hex       #.....       24%         3    ###....
 Force Lance              Conj/Tloc      #.......     61%         4    #####..


Dungeon Overview and Level Annotations

Branches:
Dungeon (3/15)

Altars:
Kikubaaqudgha

Annotations:
D:2 Sigmund


Innate Abilities, Weirdness & Mutations

You cannot wear armour.
You are incapable of wielding weapons or throwing items.
Your paws allow you to move quietly. (Stealth)
You have sharp claws.
You have razor-sharp teeth.
You have supernaturally acute eyesight. (SInv)
You are carnivorous and can eat meat at any time.
You cover ground quickly.
You are covered in fur. (AC +1)
You have a slow metabolism.
Your sharp claws are effective at attacking unaware monsters.


Message History

The orc wizard mumbles some strange words.
The orc wizard seems to speed up.
An orc wizard is nearby!
The orc wizard hits you with a dagger. The orc wizard completely misses you.
You closely miss the orc wizard.
The orc wizard is moderately wounded.
The orc wizard hits you with a dagger. The orc wizard misses you.
You scratch the orc wizard but do no damage.
The orc wizard is moderately wounded.
The orc wizard gestures at you while chanting.
The magic dart hits you!
Ouch! That really hurt!
* * * LOW HITPOINT WARNING * * *
Unknown command.
The orc wizard casts a spell.
The orc wizard blinks!
The orc wizard points at you and mumbles some strange words.
The magic dart hits you!
You die...

.######## #.#
#...####...... ........#
#.### #..## ##..#...
#######.### #...# #.##
#....... #...## #o..# #.#
##..###.. ###..###...# #.#
#.<.###..
##..<#...###.####...#....
##................##.#..
###.#...........###...#..
#...##..@.......# #.#####
#.####....ยง.....# #.###..
#.# #....#...#.###.##...
###.####........#..#......#
#...#......##...#........##
#################..........
#.......### ##.......#
##o..###.#


You could see an orc wizard.

Vanquished Creatures
  2 adders
  An ooze (D:3)
  A worm (D:1)
  A dart slug (D:2)
  An orc (D:3)
  4 giant cockroaches
  6 goblins
  4 hobgoblins
  5 kobolds
  A quokka (D:2)
  6 bats
  A frilled lizard (D:2)
  5 rats
38 creatures vanquished.

Notes
Turn   | Place    | Note
-------+----------+-------------------------------------------
     0 | D:1      | Destragon the Felid Conjurer began the quest for the Orb.
     0 | D:1      | Reached XP level 1. HP: 7/7 MP: 4/4
   496 | D:1      | Reached XP level 2. HP: 9/11 MP: 3/6
   920 | D:1      | Learned a level 2 spell: Searing Ray
  1200 | D:2      | Reached XP level 3. HP: 6/14 MP: 1/7
  1307 | D:2      | Found an ancient bone altar of Kikubaaqudgha.
  1441 | D:2      | Noticed Sigmund
  1902 | D:3      | Killed from afar by an orc wizard

Vault maps used:
D:1:      minmay_arrival_wavy_path
D:2:      kiku_gazebo_garden_becter, uniq_sigmund
D:3:      first_ration, roderic_serpentine_path, uniq_jessica

Skill      XL: |  1  2  3 |
---------------+----------+-----
Conjurations   | 4 |  4.2
Stealth        | 3 4 |  4.1
Dodging        | 3 |  3.3
Spellcasting   | |  2.3

Action                   || total
-------------------------++-------
Melee: Unarmed           ||    37
       Bite              ||     2
 Cast: Magic Dart        ||    75
       Searing Ray       ||     3
 Stab: Sleeping          ||     4
  Eat: Chunk             ||     9
Armor: Skin              ||     4
Dodge: Dodged            ||    63

Table legend:
 A = Spawn XP
 B = Non-spawn XP
 C = Spawn XP percentage of total XP
 D = Spawn monster count
 E = Non-spawn monster count
 F = Spawn count percentage of total count
 G = Total turns spent on level
                    A         B        C        D         E        F      G
               +---------+---------+-------+---------+---------+-------+---------
         Total |       0 |      96 |   0.0 |       0 |      38 |   0.0 |  1902
               +---------+---------+-------+---------+---------+-------+---------
           D:1 |       0 |      44 |   0.0 |       0 |      18 |   0.0 |   758
           D:2 |       0 |      35 |   0.0 |       0 |      14 |   0.0 |   877
           D:3 |       0 |      17 |   0.0 |       0 |       6 |   0.0 |   267
               +---------+---------+-------+---------+---------+-------+---------
